 Dungeon Crawl Stone Soup version 0.30.1-9-gdf580d7c3d (webtiles) character file.

Game seed: 8514008109997128021

581 Ijustatesigmund the Magician (level 7, -7/39 HPs)
             Began as a Deep Elf Fire Elementalist on Oct 5, 2023.
             Mangled by Edmund
             ... wielding a +5 heavy flail
              (17 damage)
             ... on level 4 of the Dungeon.
             The game lasted 00:05:00 (3400 turns).

Ijustatesigmund the Magician (DEFE)                 Turns: 3400, Time: 00:05:00

Health: -7/39      AC:  6    Str:  4    XL:     7   Next: 13%
Magic:  9/17       EV: 12    Int: 26    God:
Gold:   86         SH:  0    Dex: 14    Spells: 10/17 levels left

rFire   . . .        b - +1 whip (flame)
rCold   . . .        (no shield)
rNeg    . . .        a - +0 robe
rPois   .            n - +1 helmet
rElec   .            (no cloak)
rCorr   .            (no gloves)
SInv    .            d - +1 pair of boots
Will    .....        i - amulet of regeneration
Stlth   ++           (no ring)
HPRegen 1.06/turn    (no ring)
MPRegen 0.15/turn

%: no passive effects
@: no status effects
A: clever 1, MP-powered wands
a: no special abilities


You were on level 4 of the Dungeon.
You visited 1 branch of the dungeon, and saw 4 of its levels.

You collected 86 gold pieces.

Inventory:

Hand Weapons
 b - a +1 whip of flaming (weapon)
 p - a +0 sling
Armour
 a - a +0 robe (worn)
 d - a +1 pair of boots (worn)
 n - a +1 helmet (worn)
Jewellery
 i - an amulet of regeneration (around neck)
 t - a ring of fire
Wands
 v - a wand of roots (1)
Scrolls
 e - 2 scrolls of identify
 h - a scroll of teleportation
 k - a scroll of noise
Potions
 c - a potion of heal wounds
 f - a potion of degeneration {unknown}
 m - a potion of mutation
 o - a potion of berserk rage
 u - a potion of resistance


   Skills:
 - Level 1.7 Fighting
 + Level 3.4 Ranged Weapons
 - Level 2.4 Dodging
 - Level 2.4 Stealth
 + Level 5.7 Spellcasting
 + Level 4.1 Conjurations
 + Level 5.3 Fire Magic


You had 10 spell levels left.
You knew the following spells:

 Your Spells              Type           Power      Damage    Failure   Level
a - Foxfire               Conj/Fire      100%       2x1d9     1%          1
b - Scorch                Fire           70%        2d8       1%          2
c - Flame Wave            Conj/Fire      32%        2d9       10%         4

Your spell library contained the following spells:

 Spells                   Type           Power      Damage    Failure   Level
 Sting                    Tmut/Pois      28%        1d4       7%          1
 Inner Flame              Hex/Fire       21%        N/A       7%          3
 Volatile Blastmotes      Fire/Tloc      42%        2d13      7%          3
 Poisonous Vapours        Pois/Air       14%        N/A       11%         2
 Olgreb's Toxic Radiance  Pois           7%         N/A       56%         4


Dungeon Overview and Level Annotations

Branches:
Dungeon (4/15)
 Temple: D:4-7

Altars:
Gozag

Shops:
D:3 :

Annotations:
D:4 Edmund, Menkaure


Innate Abilities, Weirdness & Mutations

Your mind is acute. (Int +4, Str/Dex -1)
You expend magic power (3 MP) to strengthen your wands.


Message History

You hear the slow hiss of a very distant avalanche of sand.
Magic restored.
f - a coppery potion
Found a stone staircase leading down.
Edmund the Younger comes into view.
He is wielding a +5 heavy flail.
Found a scroll of identify.
Edmund shouts!
You hear a shout!
Casting: Foxfire (safe; 1% risk of failure)
Confirm with . or Enter, or press ? or * to list all spells.
Flames lash Edmund.
Edmund is lightly wounded.
Edmund's fire resistance burns away.
Menkaure, Prince of Dust comes into view.
Edmund hits you with a +5 heavy flail!!
Menkaure mumbles some strange words.
Menkaure seems to speed up.
Unknown command.
Casting: Scorch (safe; 1% risk of failure)
Confirm with . or Enter, or press ? or * to list all spells.
The spell is quite dangerous to miscast (10% risk of failure)!
Continue anyway?
Okay, then.
Casting: Flame Wave (quite dangerous; 10% risk of failure)
Confirm with . or Enter, or press ? or * to list all spells.
The spell is quite dangerous to miscast (10% risk of failure)!
Continue anyway?
Casting: Flame Wave (quite dangerous; 10% risk of failure)
Press: ? - help, Dir - look around, f - activate A wave of flame ripples out!
The flame wave engulfs Edmund!!
Edmund is burned terribly!
Edmund is heavily wounded. (Press . to intensify the flame waves.) Edmund hits you with a +5 heavy flail!
* * * LOW HITPOINT WARNING * * *
A wave of flame ripples out!
The flame wave engulfs Edmund!
Edmund is burned terribly!
Edmund is severely wounded.
Edmund is no longer more vulnerable to fire.
A wave of flame ripples out!
The flame wave engulfs Edmund.
Edmund is almost dead.
You finish channelling waves of flame.
Edmund hits you with a +5 heavy flail!
You die...

####.#.# #####.##.#.#
#..........#####
#.###.#..#...... #.#
#.#..)..### #.#
#.#..†.## #### #.#
#.#....# #...
#.###.#....####...
#@.<..(...........
#?.@.#...............
#....#.#.##.######...
#..... #.##.########'
#...M. .. .......§§§.
#....## ###########§
#....# #§ #....# . .


You could see Edmund and Menkaure (fast).

Vanquished Creatures
  Pikel (D:3)
  7 adders
  A gnoll (D:1)
  2 worms (D:2)
  3 dart slugs
  14 ball pythons
  A bat (D:2)
  4 endoplasms
  2 giant cockroaches
  8 goblins
  4 hobgoblins
  6 jackals
  2 quokkas (D:1)
  3 frilled lizards
  3 kobolds
  4 rats
65 creatures vanquished.

Vanquished Creatures (others)
  219 foxfires
219 creatures vanquished.

Grand Total: 284 creatures vanquished

Notes
Turn   | Place    | Note
-------+----------+-------------------------------------------
     0 | D:1      | Ijustatesigmund the Deep Elf Fire Elementalist began the
                  | quest for the Orb.
     0 | D:1      | Reached XP level 1. HP: 10/10 MP: 6/6
   279 | D:1      | Reached XP level 2. HP: 16/16 MP: 4/8
   282 | D:1      | Learned a level 2 spell: Scorch
   495 | D:1      | Reached XP level 3. HP: 20/20 MP: 6/10
   567 | D:1      | Reached skill level 1 in Fighting
  1231 | D:2      | Found a faded altar of an unknown god.
  1526 | D:2      | Found an opulent altar of Gozag.
  1803 | D:2      | Reached XP level 4. HP: 25/25 MP: 5/11
  1808 | D:2      | Learned a level 4 spell: Flame Wave
  3003 | D:3      | Found Zytra's Book Boutique.
  3059 | D:3      | Reached XP level 5. HP: 30/30 MP: 11/13
  3239 | D:4      | Noticed Pikel
  3239 | D:4      | Noticed a lemure
  3239 | D:4      | Noticed a lemure
  3240 | D:4      | Noticed a lemure
  3241 | D:4      | Noticed a lemure
  3251 | D:3      | Gained mutation: Your mind is acute. (Int +4, Str/Dex -1)
                  | [potion of mutation]
  3251 | D:3      | Gained mutation: You expend magic power (3 MP) to
                  | strengthen your wands. [potion of mutation]
  3256 | D:3      | Killed Pikel
  3257 | D:3      | Reached skill level 5 in Spellcasting
  3257 | D:3      | Reached skill level 5 in Fire Magic
  3257 | D:3      | Reached XP level 6. HP: 16/35 MP: 9/16
  3257 | D:3      | Reached XP level 7. HP: 18/39 MP: 9/17
  3395 | D:4      | Noticed Edmund
  3396 | D:4      | Noticed Menkaure
  3400 | D:4      | Mangled by Edmund

Illustrated notes

Levels and vault maps discovered:
D:1:      roderic_octagonal_star, layout_basic, serial_forest,
          infiniplex_forest_lined_corner, infiniplex_forest_lined_3_way,
          infiniplex_forest_lined_corner, infiniplex_forest_straight_4,
          infiniplex_forest_end_1, infiniplex_forest_side_room,
          infiniplex_forest_clump_cross, st_stairs_13
D:2:      layout_basic, shapermc_ecumenical_altar_flowoftime, basic_altar,
          minmay_pentomino_v4
D:3:      layout_basic, serial_forest, infiniplex_forest_pool,
          infiniplex_forest_clump_tiny, infiniplex_forest_corner_1,
          infiniplex_forest_end_2, infiniplex_forest_lined_2,
          infiniplex_forest_clump_curved, serial_shops, shop,
          kennysheep_generic_room_3
D:4:      layout_basic, kennysheep_mini, mainiacjoe_overflow_small_starburst,
          minmay_temple_entry_statues_pillars, nicolae_ossuary_entry_catacombs,
          uniq_grinder, uniq_pikel, uniq_edmund, uniq_menkaure

Skill      XL: |  1  2  3  4  5 |
---------------+----------------+-----
Fighting       | 1 |  1.7
Conjurations   | 2 4 |  4.1
Spellcasting   | 4 5 |  5.7
Fire Magic     | 4 5 |  5.3
Ranged Weapons | 3 |  3.4
Dodging        | |  2.4
Stealth        | |  2.4

Action                     |  1- 3 |  4- 6 |  7- 9 || total
---------------------------+-------+-------+-------++-------
  Melee: Quarterstaff      |    24 |       |       ||    24
   Cast: Foxfire           |    82 |    49 |     2 ||   133
         Scorch            |     9 |     8 |     2 ||    19
         Flame Wave        |       |     2 |     1 ||     3
    Use: Potion            |       |     4 |       ||     4
         Scroll            |       |       |    11 ||    11
 Armour: Robe              |    11 |     1 |       ||    12
  Dodge: Dodged            |    27 |     6 |       ||    33
